[ PARTIDA AOE2 · #473236325 ]
Team RMGodos vs Ethiopians
[ ANÁLISIS DE REPETICIÓN · EXTRAÍDO DE LA PARTIDA GRABADA ]
Feudal
—
Castillos
—
Imperial
—
| APM promedio | 41.9 |
| APM pico | 74 |
| eAPM promedio | 10.5 |
| Aldeanos / militares | 11 / 0 |
Foco
⚔️ 6.9% · 🌾 93.1%
Feudal
—
Castillos
—
Imperial
—
| APM promedio | 44.5 |
| APM pico | 60 |
| eAPM promedio | 14.4 |
| Aldeanos / militares | 8 / 0 |
Foco
⚔️ 4.9% · 🌾 95.1%
Feudal
—
Castillos
—
Imperial
—
| APM promedio | 25.9 |
| APM pico | 36 |
| eAPM promedio | 6.2 |
| Aldeanos / militares | 7 / 0 |
Foco
⚔️ 0.0% · 🌾 100.0%
Feudal
—
Castillos
—
Imperial
—
| APM promedio | 91.4 |
| APM pico | 102 |
| eAPM promedio | 23.6 |
| Aldeanos / militares | 9 / 0 |
Foco
⚔️ 42.0% · 🌾 58.0%
Feudal
—
Castillos
—
Imperial
—
| APM promedio | 23.2 |
| APM pico | 71 |
| eAPM promedio | 10.2 |
| Aldeanos / militares | 5 / 0 |
Foco
⚔️ 0.0% · 🌾 100.0%
Feudal
—
Castillos
—
Imperial
—
| APM promedio | 76.6 |
| APM pico | 92 |
| eAPM promedio | 15.7 |
| Aldeanos / militares | 9 / 0 |
Foco
⚔️ 13.0% · 🌾 87.0%
Feudal
—
Castillos
—
Imperial
—
| APM promedio | 55.0 |
| APM pico | 75 |
| eAPM promedio | 13.4 |
| Aldeanos / militares | 7 / 0 |
Foco
⚔️ 13.2% · 🌾 86.8%
Feudal
—
Castillos
—
Imperial
—
| APM promedio | 41.3 |
| APM pico | 47 |
| eAPM promedio | 8.5 |
| Aldeanos / militares | 9 / 0 |
Foco
⚔️ 20.0% · 🌾 80.0%
Mapa de la partida
Recursos iniciales + cada clic de construcción. Líneas = muros · curvas = relieve. ◆ oro · ⬟ piedra · ● bayas · ✦ reliquia · ◌ hueco del cierre
Tu base
Base de bryjet06
Base de Asenot
Base de The_Father_92
Base de HR Since6699
Base de ZEAN430
Base de SilvaD
Base de Itachi_+_+
Terreno inicial suavizado · ◌ = hueco del cierre detectado · pasá el cursor para detalles
Inputs por minuto
— LE | Walterking - - bryjet06
Build order — LE | Walterking
14 acciones detectadas en el replay
| 0:21 | Crear | Villager (Male) |
| 0:21 | Crear | Villager (Male) |
| 0:22 | Crear | Villager (Male) |
| 0:23 | Construir | House |
| 0:24 | Construir | House |
| 0:28 | Crear | Villager (Male) |
| 0:29 | Crear | Villager (Male) |
| 0:49 | Investigar | Loom |
| 0:49 | Crear | Villager (Male) |
| 0:50 | Crear | Villager (Male) |
| 0:52 | Crear | Villager (Male) |
| 1:50 | Crear | Villager (Male) |
| 2:40 | Crear | Villager (Male) |
| 2:40 | Crear | Villager (Male) |
Build order — bryjet06
11 acciones detectadas en el replay
| 0:01 | Crear | Villager (Male) |
| 0:02 | Crear | Villager (Male) |
| 0:02 | Crear | Villager (Male) |
| 0:02 | Crear | Villager (Male) |
| 0:04 | Construir | House |
| 0:07 | Construir | House |
| 1:29 | Crear | Villager (Male) |
| 1:50 | Construir | Lumber Camp |
| 1:59 | Crear | Villager (Male) |
| 2:22 | Crear | Villager (Male) |
| 2:22 | Crear | Villager (Male) |
Build order — Asenot
9 acciones detectadas en el replay
| 0:00 | Crear | Villager (Male) |
| 0:01 | Crear | Villager (Male) |
| 0:02 | Construir | House |
| 0:03 | Construir | House |
| 0:19 | Crear | Villager (Male) ×2 |
| 1:31 | Crear | Villager (Male) |
| 1:45 | Construir | Lumber Camp |
| 2:09 | Crear | Villager (Male) |
| 2:20 | Crear | Villager (Male) |
Build order — The_Father_92
12 acciones detectadas en el replay
| 0:02 | Crear | Villager (Male) |
| 0:02 | Crear | Villager (Male) |
| 0:02 | Crear | Villager (Male) |
| 0:04 | Construir | House |
| 0:05 | Construir | House |
| 0:17 | Crear | Villager (Male) |
| 1:17 | Crear | Villager (Male) |
| 1:58 | Crear | Villager (Male) |
| 2:17 | Crear | Villager (Male) |
| 2:43 | Crear | Villager (Male) |
| 2:43 | Crear | Villager (Male) |
| 2:47 | Construir | Lumber Camp |
Build order — HR Since6699
7 acciones detectadas en el replay
| 0:01 | Crear | Villager (Male) |
| 0:02 | Construir | House |
| 0:03 | Construir | House |
| 0:09 | Crear | Villager (Male) |
| 0:11 | Crear | Villager (Male) |
| 0:23 | Crear | Villager (Male) |
| 0:24 | Crear | Villager (Male) |
Build order — ZEAN430
11 acciones detectadas en el replay
| 0:01 | Crear | Villager (Male) |
| 0:03 | Construir | House |
| 0:05 | Construir | House |
| 0:26 | Crear | Villager (Male) |
| 0:26 | Crear | Villager (Male) |
| 0:26 | Crear | Villager (Male) |
| 1:13 | Crear | Villager (Male) |
| 1:13 | Crear | Villager (Male) |
| 1:50 | Crear | Villager (Male) |
| 2:22 | Crear | Villager (Male) |
| 2:24 | Crear | Villager (Male) |
Build order — SilvaD
10 acciones detectadas en el replay
| 0:00 | Crear | Villager (Male) |
| 0:01 | Crear | Villager (Male) |
| 0:02 | Construir | House |
| 0:03 | Construir | House |
| 0:35 | Crear | Villager (Male) |
| 0:48 | Crear | Villager (Male) |
| 1:53 | Crear | Villager (Male) |
| 1:54 | Crear | Villager (Male) |
| 2:17 | Crear | Villager (Male) |
| 2:55 | Construir | Lumber Camp |
Build order — Itachi_+_+
12 acciones detectadas en el replay
| 0:02 | Crear | Villager (Male) |
| 0:02 | Crear | Villager (Male) |
| 0:03 | Construir | House |
| 0:05 | Construir | House |
| 0:13 | Crear | Villager (Male) |
| 0:13 | Crear | Villager (Male) |
| 1:34 | Crear | Villager (Male) |
| 1:34 | Crear | Villager (Male) |
| 2:05 | Crear | Villager (Male) |
| 2:19 | Crear | Villager (Male) |
| 2:51 | Construir | Lumber Camp |
| 2:57 | Crear | Villager (Male) |
Cronología de la partida
| 2:47 | Asenot · resign |
[ ANÁLISIS IA · 1 CRÉDITO ]
¿Qué pasó realmente en esta partida?
Wolo.gg analiza cada decisión: build order, eco, micro, errores típicos por bracket. Análisis personalizado por WhatsApp o Discord en 30 segundos.
Guía civ
Godos
Guía mapa
MegaRandom
Perfil
WKING